 Dungeon Crawl Stone Soup version 0.16-a0-4088-g7c8221e (webtiles) character file.

30 Eptagon the Insei (level 3, -2/23 HPs)
             Began as an Octopode Transmuter on Feb 23, 2015.
             Slain by an adder (5 damage)
             ... on level 2 of the Dungeon.
             The game lasted 00:03:01 (1537 turns).

Eptagon the Insei (Octopode Transmuter)             Turns: 1537, Time: 00:03:01

Health: -2/23      AC:  1    Str: 11    XL:     3   Next: 20%
Magic:  6/6        EV: 12    Int: 15    God:
Gold:   76         SH:  0    Dex: 13    Spells: 1 memorised, 5 levels left

rFire  . . .     SeeInvis .       - Unarmed
rCold  . . .     Clarity  .     (no shield)
rNeg   . . .     SustAb   .     (helmet restricted)
rPois  .         Gourm    .     e - amulet of resist corrosion
rElec  .         Spirit   .     i - +2 ring of strength
rCorr  +         Warding  .     (no ring)
rMut   .         Stasis   .     (no ring)
MR     .....                    (no ring)
Stlth  ++........               (no ring)
                                (no ring)
                                (no ring)
                                (no ring)

@: lethally poisoned (-2 -> -9), not resistant to hostile enchantments,
unstealthy
A: almost no armour, amphibious, 8 rings, constrict 8, camouflage 1, gelatinous
body 1
a: no special abilities


You were on level 2 of the Dungeon.
You were hungry.

You visited 1 branch of the dungeon, and saw 2 of its levels.

You collected 76 gold pieces.

Inventory:

Missiles
 g - 16 sling bullets of flame
 h - 19 sling bullets
Jewellery
 e - an amulet of resist corrosion (around mantle)
 i - a +2 ring of strength (left tentacle)
Scrolls
 c - a scroll of random uselessness {unknown}
 f - 3 scrolls of enchant armour {unknown}
Books
 d - a book of Changes

   Spells                             Type                      Level
   a - Beastly Appendage              Transmutation                1
   b - Sticks to Snakes               Transmutation                2
   c - Spider Form                    Transmutation/Poison         3
   d - Ice Form                       Ice/Transmutation            4
   e - Blade Hands                    Transmutation                5
Comestibles
 a - 2 bread rations
 b - 6 fruits


   Skills:
 - Level 1.0 Fighting
 - Level 2.0 Dodging
 + Level 4.2 Unarmed Combat
 - Level 2.0 Spellcasting
 - Level 2.0 Transmutations


You had 5 spell levels left.
You knew the following spells:

 Your Spells              Type           Power        Failure   Level  Hunger
a - Beastly Appendage     Trmt           #.....       12%         1    #......


Dungeon Overview and Level Annotations

Branches:
Dungeon (2/15)

Altars:
Kikubaaqudgha


Innate Abilities, Weirdness & Mutations

You cannot wear most types of armour.
You are amphibious.
You can wear up to eight rings at the same time.
You can use your tentacles to constrict many enemies at once.
Your skin changes colour to match your surroundings (Stealth).
Your rubbery body absorbs attacks (AC +1).


Message History

Your tentacle-slap misses the adder.
The adder bites you but does no damage. The adder bites you.
You miss the adder. Your grab misses the adder. The adder bites you.
You tentacle-slap the adder but do no damage.
Your grab misses the adder. Your squeeze misses the adder. The adder bites you.
You closely miss the adder. You grab the adder. You squeeze the adder!
The adder is heavily wounded.
You constrict the adder. The adder bites you.
* * * LOW HITPOINT WARNING * * *
You are lethally poisoned!
The adder poisons you!
You aren't carrying any potions.
Read which item? (? for menu, Esc to quit)
Okay, then.
You tentacle-slap the adder.
The adder is severely wounded.
You constrict the adder.
* * * LOW HITPOINT WARNING * * *
You feel sick. The adder closely misses you. The adder bites you.
You die...

.## #.##......###. ..#
#..#......# . ..#
#...##.#####.
..####...##.# #.. #
....###...#..<...# ##.#
....# #.#.##..##.##..(
....###.#.....##....#
.##......>......S..##
.##.##).....#.#.@#..#
.##..#.####.......#.####.
.##..#.# ###..#.........
.....#.####...##.#....#..
.........[#.#.#..#....#.
........................
....#..###...........###
.####.## ###).###....#
......####.(..# #...#


You could see an adder.

Vanquished Creatures
  A worm (D:2)
  A giant gecko (D:1)
  An ooze (D:2)
  2 ball pythons (D:1)
  A giant cockroach (D:2)
  2 hobgoblins (D:1)
  4 kobolds
  2 bats (D:1)
  3 goblins
  3 jackals (D:1)
  A rat (D:1)
21 creatures vanquished.

Notes
Turn   | Place    | Note
--------------------------------------------------------------
     0 | D:1      | Eptagon, the Octopode Transmuter, began the quest for the Orb.
     0 | D:1      | Reached XP level 1. HP: 13/13 MP: 3/3
   483 | D:1      | Reached XP level 2. HP: 12/18 MP: 4/4
  1003 | D:2      | Reached skill level 4 in Unarmed Combat
  1003 | D:2      | Reached XP level 3. HP: 8/23 MP: 6/6
  1269 | D:2      | Found an ancient bone altar of Kikubaaqudgha.
  1537 | D:2      | Slain by an adder

Action                   || total
-------------------------++-------
Melee: Unarmed           ||    59
 Stab: Sleeping          ||     2
  Eat: Chunk             ||     1
